[Event "Titled Tuesday Blitz December 06 Early 2022"]
[White "Ohanyan, Emin"]
[Black "Andreikin, Dmitry"]
[WhiteFideId "13312022"]
[BlackFideId "4158814"]
[WhiteElo "2352"]
[BlackElo "2735"]
[Result "1-0"]
[Round "08"]
[TimeControl "180+1"]
[Date "2022.12.06"]
[WhiteClock "0:00:36"]
[BlackClock "0:00:22"]

1. e4 c5 2. Nf3 e6 3. d4 cxd4 4. Nxd4 Nc6 5. Nc3 Qc7 6. Ndb5 Qb8 7. Be3 a6 8. Bb6 axb5 9. Nxb5 Bb4+ 10. c3 Ba5 11. Nd6+ Qxd6 12. Qxd6 Bxb6 13. a4 Nf6 14. Bd3 Ba7 15. b4 Ng4 16. O-O Bb8 17. Qc5 Nxh2 18. b5 Ne5 19. Qxc8+ Ke7 20. Qxh8 Nxd3 21. Qc8 Ng4 22. g3 Bxg3 23. Qxa8 Bh2+ 24. Kg2 Nf4+ 25. Kh1 1-0


[Site "https://www.chess.com"]

[Event "Titled Tuesday Blitz December 06 Early 2022"]
[White "Omelja, Artem"]
[Black "Pein, Jonathan"]
[WhiteFideId "14119846"]
[BlackFideId "417092"]
[WhiteElo "2404"]
[BlackElo "2225"]
[Result "0-1"]
[Round "08"]
[TimeControl "180+1"]
[Date "2022.12.07"]
[WhiteClock "0:00:01"]
[BlackClock "0:00:09"]

1. d4 Nf6 2. c4 g6 3. Nc3 Bg7 4. e4 O-O 5. f3 Nc6 6. Nge2 e5 7. Be3 exd4 8. Nxd4 Nxd4 9. Bxd4 c6 10. Be2 d5 11. cxd5 cxd5 12. e5 Nh5 13. O-O Nf4 14. Bb5 Qg5 15. g3 Bh3 16. Re1 Nh5 17. Qe2 a6 18. Ba4 b5 19. Bb3 Rae8 20. Nxd5 Nxg3 21. hxg3 Qxg3+ 22. Kh1 Bxe5 23. Rg1 Bg2+ 24. Rxg2 Qh3+ 25. Rh2 Bxh2 26. Qxh2 Qxf3+ 27. Qg2 Qh5+ 28. Kg1 Qh4 29. Nf6+ Kh8 30. Qg4 Re1+ 31. Rxe1 Qxe1+ 32. Kg2 Qd2+ 33. Kh3 Rd8 34. Nd5+ Kg8 35. Qh4 Rxd5 36. Bxd5 Qd3+ 37. Kg2 Qd2+ 38. Qf2 Qg5+ 39. Kf1 Qxd5 40. Qf6 Qc4+ 41. Kg1 Qc2 0-1


[Site "https://www.chess.com"]

[Event "Titled Tuesday Blitz December 06 Early 2022"]
[White "Osiecki, Stanislaw"]
[Black "Farmani Anosheh, Armin"]
[WhiteFideId "1102990"]
[BlackFideId "24613240"]
[WhiteElo "2088"]
[BlackElo "2289"]
[Result "0-1"]
[Round "08"]
[TimeControl "180+1"]
[Date "2022.12.07"]
[WhiteClock "0:00:02"]
[BlackClock "0:00:16"]

1. e4 e5 2. Nf3 Nc6 3. Bb5 a6 4. Bxc6 dxc6 5. O-O Bd6 6. d4 exd4 7. Qxd4 f6 8. e5 fxe5 9. Nxe5 Ne7 10. Re1 O-O 11. Qc4+ Nd5 12. Nc3 Be6 13. Qd4 Nxc3 14. bxc3 Qf6 15. Nf3 Bd5 16. Bg5 Qf7 17. Ne5 Qf5 18. f4 h6 19. g4 Qxc2 20. Qf2 Qxf2+ 21. Kxf2 hxg5 22. Nd3 gxf4 23. Rab1 b5 24. Nb4 Rae8 25. Red1 f3 0-1


[Site "https://www.chess.com"]

[Event "Titled Tuesday Blitz December 06 Early 2022"]
[White "Osinovsky, Stepan"]
[Black "Hristodoulou, Panagiotis"]
[WhiteFideId "4157354"]
[BlackFideId "4214340"]
[WhiteElo "2222"]
[BlackElo "2272"]
[Result "1-0"]
[Round "08"]
[TimeControl "180+1"]
[Date "2022.12.07"]
[WhiteClock "0:00:35"]
[BlackClock "0:00:54"]

1. e4 e6 2. d3 d5 3. Nd2 Nf6 4. Ngf3 c5 5. g3 Nc6 6. Bg2 g6 7. O-O Bg7 8. Re1 O-O 9. c3 a5 10. a4 b6 11. exd5 exd5 12. Ne5 Nxe5 13. Rxe5 Ra7 14. Nf3 Re7 15. Bf4 Rxe5 16. Bxe5 Re8 17. Qd2 Bf5 18. h3 Bd7 19. g4 Bc6 20. Qf4 Nd7 21. Bxg7 Kxg7 22. d4 Re4 23. Qd6 Re6 24. Qf4 h6 25. dxc5 bxc5 26. b4 d4 27. bxc5 Bxf3 28. Qxd4+ Qf6 29. Bxf3 Ne5 30. Bg2 h5 31. g5 Qxg5 32. f4 1-0


[Site "https://www.chess.com"]

[Event "Titled Tuesday Blitz December 06 Early 2022"]
[White "Ovchinnikov, Vsevolod"]
[Black "Tarlabasi, Emirhan"]
[WhiteFideId "24176842"]
[BlackFideId "6350275"]
[WhiteElo "2376"]
[BlackElo "2200"]
[Result "1/2-1/2"]
[Round "08"]
[TimeControl "180+1"]
[Date "2022.12.07"]
[WhiteClock "0:00:30"]
[BlackClock "0:01:30"]

1. d4 c5 2. d5 e6 3. c4 exd5 4. cxd5 d6 5. Nc3 Nf6 6. Nf3 g6 7. Nd2 a6 8. a4 Bg7 9. e4 O-O 10. Be2 Nbd7 11. O-O Re8 12. a5 Rb8 13. Ra3 b5 14. axb6 Nxb6 15. Bxa6 Bxa6 16. Rxa6 Qc7 17. Qc2 Nfd7 18. Nb5 Qc8 19. Ra3 Bf8 20. Na7 Qc7 21. Nc6 Ra8 22. f3 Nb8 23. Rxa8 Nxa8 24. Nxb8 Rxb8 25. Nc4 Nb6 26. b3 Nxc4 27. bxc4 Bg7 1/2-1/2


[Site "https://www.chess.com"]

[Event "Titled Tuesday Blitz December 06 Early 2022"]
[White "Palacio,Igor Da Paz"]
[Black "Petrova, Irina"]
[WhiteFideId "2121140"]
[BlackFideId "14124122"]
[WhiteElo "2126"]
[BlackElo "2023"]
[Result "0-1"]
[Round "08"]
[TimeControl "180+1"]
[Date "2022.12.07"]
[WhiteClock "0:00:01"]
[BlackClock "0:01:35"]

1. e4 d6 2. Nc3 Nf6 3. d4 e5 4. Nf3 Nbd7 5. Be2 Be7 6. O-O O-O 7. Re1 c6 8. Bf1 h6 9. h3 Re8 10. Be3 Bf8 11. Qd2 Qc7 12. dxe5 dxe5 13. Nh2 Nc5 14. f3 Ne6 15. Ng4 Nxg4 16. hxg4 Bd7 17. Rad1 Rad8 18. Qf2 Bc8 19. Bxa7 c5 20. Nd5 Qc6 21. Bb6 Rd7 22. Ba5 c4 23. Bc3 Nf4 24. Kh2 Nxd5 25. exd5 Rxd5 26. Rxd5 Qxd5 27. Qe2 e4 28. Qxc4 Bd6+ 29. Kh1 Qg5 30. Kg1 Qh4 31. Qd4 Bh2+ 32. Kh1 Bg3+ 33. Kg1 Qh2# 0-1


[Site "https://www.chess.com"]

[Event "Titled Tuesday Blitz December 06 Early 2022"]
[White "Papasimakopoulos, Alexandros"]
[Black "Alex_Sahakyan2006"]
[WhiteFideId "4244125"]
[WhiteElo "2384"]
[BlackElo "2587"]
[Result "0-1"]
[Round "08"]
[TimeControl "180+1"]
[Date "2022.12.07"]
[WhiteClock "0:00:52"]
[BlackClock "0:02:03"]

1. d4 Nf6 2. c4 c5 3. d5 b5 4. Nf3 g6 5. cxb5 a6 6. e3 axb5 7. Bxb5 Qa5+ 8. Nc3 Ne4 9. a4 Nxc3 10. bxc3 Qxc3+ 11. Bd2 Qf6 12. e4 Bg7 13. O-O Qxa1 14. Qxa1 Bxa1 15. Rxa1 O-O 16. e5 Ba6 17. Rb1 Bxb5 18. axb5 d6 19. Bf4 Ra4 20. g3 dxe5 21. Nxe5 Rb4 22. Rc1 Rxb5 23. Nc6 Nxc6 24. dxc6 Rc8 25. Re1 Rxc6 26. Rxe7 Rc8 27. Be5 Rb1+ 28. Kg2 Re1 29. f4 c4 30. Kf2 Rh1 31. Kg2 Rd1 32. Bc3 Rd3 33. Bf6 c3 34. Rc7 Rxc7 0-1


[Site "https://www.chess.com"]

[Event "Titled Tuesday Blitz December 06 Early 2022"]
[White "Paravyan, David"]
[Black "Rakhmatullaev, Almas"]
[WhiteFideId "4194985"]
[BlackFideId "14205793"]
[WhiteElo "2551"]
[BlackElo "2221"]
[Result "1-0"]
[Round "08"]
[TimeControl "180+1"]
[Date "2022.12.06"]
[WhiteClock "0:00:04"]
[BlackClock "0:00:15"]

1. e4 e5 2. Nf3 Nc6 3. Nc3 Nf6 4. d4 Bb4 5. Nxe5 Qe7 6. Qd3 Nxd4 7. Qxd4 Bc5 8. Qd3 Qxe5 9. Be3 Bxe3 10. Qxe3 d6 11. O-O-O O-O 12. f4 Qa5 13. h3 Re8 14. Bd3 Bd7 15. Rhe1 b5 16. a3 b4 17. axb4 Qxb4 18. e5 Rab8 19. b3 d5 20. Nb1 c5 21. Qd2 Nh5 22. Qxb4 Rxb4 23. f5 Nf4 24. g4 Nxh3 25. Nc3 Nf2 26. Rd2 Nxg4 27. Nxd5 Rd4 28. e6 Rxd5 29. Bc4 fxe6 30. fxe6 Bc6 31. Bxd5 Bxd5 32. Rxd5 Nf6 33. Rxc5 h5 34. Ra5 h4 35. Rh1 Rxe6 36. Rxh4 a6 37. Rha4 Ne4 38. Kb2 Nd2 39. Rxa6 Re1 40. Kc3 Ne4+ 41. Kd4 Nf6 42. c4 Ra1 43. Rxa1 1-0


[Site "https://www.chess.com"]

[Event "Titled Tuesday Blitz December 06 Early 2022"]
[White "Piesik, Piotr"]
[Black "Gong, Qianyun"]
[WhiteFideId "1136194"]
[BlackFideId "8602425"]
[WhiteElo "2316"]
[BlackElo "2199"]
[Result "1-0"]
[Round "08"]
[TimeControl "180+1"]
[Date "2022.12.07"]
[WhiteClock "0:01:40"]
[BlackClock "0:01:01"]

1. Nf3 d5 2. g3 Nf6 3. Bg2 c6 4. O-O Nbd7 5. d3 e5 6. Nbd2 Bd6 7. e4 O-O 8. Qe2 Re8 9. Nb3 h6 10. a4 a5 11. Bd2 b6 12. Rfd1 Ba6 13. Qe1 Qc7 14. Nh4 Bf8 15. Nf5 Kh7 16. h3 g6 17. Ne3 d4 18. Ng4 Bg7 19. f4 Nxg4 20. hxg4 exf4 21. gxf4 c5 22. e5 Bb7 23. Qf1 Rad8 24. Re1 Nf8 25. Bxb7 Qxb7 26. Qg2 Qd7 27. Re4 f5 28. exf6 Bxf6 29. Rae1 Bg7 30. f5 gxf5 31. gxf5 Qf7 32. Bf4 Bf6 33. Nd2 Nd7 34. Qg6+ Qxg6+ 35. fxg6+ Kxg6 36. Rxe8 1-0


[Site "https://www.chess.com"]

[Event "Titled Tuesday Blitz December 06 Early 2022"]
[White "Predke, Alexandr"]
[Black "Sadhwani, Raunak"]
[WhiteFideId "24107581"]
[BlackFideId "35093487"]
[WhiteElo "2616"]
[BlackElo "2657"]
[Result "0-1"]
[Round "08"]
[TimeControl "180+1"]
[Date "2022.12.06"]
[WhiteClock "0:00:05"]
[BlackClock "0:00:07"]

1. Nf3 d5 2. g3 Nc6 3. d4 Bf5 4. Bg2 Nb4 5. Na3 e6 6. O-O Be7 7. c3 Nc6 8. Qb3 Rb8 9. Bf4 Nf6 10. Nb5 Rc8 11. Ne5 Nxe5 12. dxe5 Nd7 13. Nd4 Nc5 14. Qd1 Bg6 15. Be3 O-O 16. f4 Qd7 17. Bh3 Rcd8 18. f5 exf5 19. Nxf5 Bxf5 20. Bxf5 Ne6 21. Qc2 g6 22. Bh3 Qc6 23. Bh6 Rfe8 24. Rf2 Bf8 25. Qd2 Bc5 26. e3 Bf8 27. Bf4 Bg7 28. Raf1 Qb6 29. b4 a5 30. a3 axb4 31. axb4 c5 32. bxc5 Qxc5 33. Rb1 Rd7 34. Bxe6 Rxe6 35. Qd4 Qc7 36. Rfb2 Qc8 37. Rb6 Rc6 38. Rxc6 bxc6 39. Qb6 Rd8 40. Qc5 h6 41. h4 Qf5 42. Qe7 Qxb1+ 43. Kg2 Qe4+ 44. Kh2 Ra8 45. Kh3 Ra2 46. Qe8+ Kh7 47. Qxf7 Qf5+ 48. Qxf5 gxf5 49. e6 Kg6 0-1


[Site "https://www.chess.com"]

[Event "Titled Tuesday Blitz December 06 Early 2022"]
[White "Przybylski, Wojciech"]
[Black "Fabris, Alberto"]
[WhiteFideId "1117599"]
[BlackFideId "801348"]
[WhiteElo "2217"]
[BlackElo "2196"]
[Result "1-0"]
[Round "08"]
[TimeControl "180+1"]
[Date "2022.12.07"]
[WhiteClock "0:00:28"]
[BlackClock "0:00:07"]

1. e4 c5 2. Nf3 d6 3. Bb5+ Nd7 4. Ba4 g6 5. O-O Bg7 6. c3 Nf6 7. Re1 O-O 8. h3 a6 9. d3 b5 10. Bc2 Bb7 11. Nbd2 Nb6 12. Nf1 Rc8 13. g4 d5 14. e5 Ne8 15. d4 cxd4 16. Nxd4 e6 17. f4 Qh4 18. Kg2 Nc7 19. Ng3 f6 20. Nf3 Qh6 21. g5 fxg5 22. fxg5 Rxf3 23. gxh6 d4 24. Qxf3 Bxf3+ 25. Kxf3 Rf8+ 26. Kg2 Bh8 27. cxd4 Ncd5 28. Bb3 a5 29. a3 a4 30. Ba2 Nc4 31. Bxc4 bxc4 32. Bd2 Rb8 33. Rab1 Rb3 34. Ne4 Kf8 35. Rf1+ Ke7 36. Rf3 Rb8 37. Bc3 Rc8 38. Rbf1 Kd7 39. Kg3 Kc6 40. Rf8 1-0


[Site "https://www.chess.com"]

[Event "Titled Tuesday Blitz December 06 Early 2022"]
[White "Putnam, Liam"]
[Black "Xu, Yi"]
[WhiteFideId "30938279"]
[BlackFideId "8605564"]
[WhiteElo "2082"]
[BlackElo "2471"]
[Result "0-1"]
[Round "08"]
[TimeControl "180+1"]
[Date "2022.12.06"]
[WhiteClock "0:00:01"]
[BlackClock "0:00:36"]

1. e4 c5 2. Nf3 d6 3. d4 cxd4 4. Nxd4 Nf6 5. Nc3 a6 6. Bd3 e5 7. Nde2 Be7 8. O-O O-O 9. Ng3 Be6 10. Kh1 Nc6 11. f4 exf4 12. Bxf4 d5 13. e5 Nd7 14. Nf5 Ndxe5 15. Bxe5 Nxe5 16. Nxe7+ Qxe7 17. Bxh7+ Kxh7 18. Qh5+ Kg8 19. Qxe5 Rad8 20. Ne2 f6 21. Qe3 Rfe8 22. Nd4 Qd6 23. Rae1 Bf7 24. Qf2 Bg6 25. c3 Be4 26. Re3 Re5 27. Qg3 Kf7 28. Qf2 Kg8 29. Qf4 Rg5 30. Rg3 Qxf4 31. Rxf4 Rxg3 32. hxg3 Kf7 33. Rf2 Ke7 34. Kg1 Kd6 35. Re2 Rh8 36. Re1 b5 37. Ne2 a5 38. a3 Kc5 39. Rd1 Kc4 40. Nc1 a4 41. Rd4+ Kc5 42. Ne2 g5 43. Rb4 Bd3 44. Nd4 Bc4 45. Ne6+ Kd6 46. Nd4 Kc5 47. Ne6+ Kb6 48. Nd4 Re8 49. Kf2 Kc5 50. g4 Re4 51. Kg3 Rxd4 52. cxd4+ Kxd4 53. Kf2 Kd3 54. Ke1 Kc2 55. Kf2 d4 56. Kf3 d3 57. Rxb5 Bxb5 0-1


[Site "https://www.chess.com"]

[Event "Titled Tuesday Blitz December 06 Early 2022"]
[White "Quinones Garcia, Santiago"]
[Black "Sztokbant, Bernardo Vainzoff"]
[WhiteFideId "4408497"]
[BlackFideId "2115956"]
[WhiteElo "2249"]
[BlackElo "2222"]
[Result "1-0"]
[Round "08"]
[TimeControl "180+1"]
[Date "2022.12.07"]
[WhiteClock "0:00:03"]
[BlackClock "0:00:01"]

1. e4 c5 2. Nf3 Nc6 3. d4 cxd4 4. Nxd4 Nf6 5. Nc3 e5 6. Ndb5 d6 7. Bg5 a6 8. Na3 b5 9. Nd5 Be7 10. Bxf6 Bxf6 11. c3 O-O 12. g3 Be6 13. h4 Rb8 14. Nc2 Be7 15. Bh3 a5 16. Nce3 b4 17. c4 Nd4 18. b3 Rc8 19. Rc1 Kh8 20. Kf1 Qd7 21. Kg2 Rc5 22. Nc2 Nc6 23. Qd2 Bd8 24. Rcd1 f5 25. exf5 Bxf5 26. Bxf5 Qxf5 27. Qe2 e4 28. Nf4 Qe5 29. Qd2 Be7 30. Ne3 Rxf4 31. gxf4 Qxf4 32. Nd5 Qg4+ 33. Kf1 Bxh4 34. Ne3 Qf4 35. Rxh4 Qxh4 36. Qxd6 Qh1+ 37. Ke2 Qh5+ 38. Ke1 h6 39. Qf8+ Kh7 40. Rd7 Rg5 41. Nf5 Qh1+ 42. Kd2 Qg2 43. Ne7 Nxe7 44. Rxe7 e3+ 45. Rxe3 h5 46. Re8 Kh6 47. Qh8+ Kg6 48. Re6+ Kf5 49. Re3 Qxf2+ 50. Kd3 Qf1+ 51. Kd4 Rg4+ 52. Kc5 1-0


[Site "https://www.chess.com"]

[Event "Titled Tuesday Blitz December 06 Early 2022"]
[White "Ramirez Vido, Robert Yorisan"]
[Black "Herman, Daniel"]
[WhiteFideId "3513823"]
[BlackFideId "30935008"]
[WhiteElo "2360"]
[BlackElo "1897"]
[Result "0-1"]
[Round "08"]
[TimeControl "180+1"]
[Date "2022.12.07"]
[WhiteClock "0:00:13"]
[BlackClock "0:00:33"]

1. f4 d5 2. Nf3 Nh6 3. g4 Bxg4 4. d3 Nf5 5. Bg2 e6 6. O-O Bc5+ 7. Kh1 h5 8. e4 Nh4 9. exd5 Nxg2 10. Kxg2 exd5 11. Qe1+ Kf8 12. Nc3 Nc6 13. Ne5 Bf5 14. Nxc6 bxc6 15. Be3 d4 16. Bf2 dxc3 17. Bxc5+ Kg8 18. Qe5 cxb2 19. Rab1 Bg4 20. h3 Be6 21. Bd4 Bd5+ 22. Kh2 f6 23. Qf5 Rh6 24. Rg1 Qe8 25. Bxf6 Qe2+ 26. Kg3 Rxf6 27. Qg5 Qf3+ 28. Kh4 Rxf4+ 0-1


[Site "https://www.chess.com"]

[Event "Titled Tuesday Blitz December 06 Early 2022"]
[White "Rian, Kapriaga"]
[Black "Franca, Ricardo Bedin"]
[WhiteFideId "7103263"]
[BlackFideId "2107066"]
[WhiteElo "2292"]
[BlackElo "2452"]
[Result "0-1"]
[Round "08"]
[TimeControl "180+1"]
[Date "2022.12.07"]
[WhiteClock "0:00:02"]
[BlackClock "0:00:10"]

1. d4 Nf6 2. Nf3 d6 3. Nc3 Nbd7 4. e4 e5 5. Be2 Be7 6. O-O O-O 7. a4 c6 8. a5 Rb8 9. h3 b5 10. axb6 axb6 11. Re1 b5 12. Bf1 Qc7 13. b3 Re8 14. Bb2 Bf8 15. d5 b4 16. dxc6 Qxc6 17. Nd5 Nxd5 18. exd5 Qb6 19. Nd2 Nc5 20. Nc4 Qc7 21. Bd3 f5 22. Ne3 g6 23. f4 exf4 24. Nc4 Ba6 25. Qf3 Nxd3 26. cxd3 Bxc4 27. dxc4 Qc5+ 28. Kh2 Re3 29. Qxf4 Rxb3 30. Re2 Rc8 31. Rc1 Rc7 32. Qg5 Rxb2 33. Rxb2 Bg7 34. Re2 Be5+ 35. Rxe5 dxe5 36. Qd8+ Kg7 37. d6 Rf7 38. Rd1 e4 39. d7 Qe5+ 40. Kh1 e3 41. Qe8 Re7 42. Qxe7+ Qxe7 43. d8=Q Qxd8 44. Rxd8 b3 45. Re8 b2 46. Rxe3 b1=Q+ 47. Kh2 Qb8+ 0-1


[Site "https://www.chess.com"]

[Event "Titled Tuesday Blitz December 06 Early 2022"]
[White "Rodchenkov, Sergey D."]
[Black "Zaichenko, Daria"]
[WhiteFideId "4168712"]
[BlackFideId "4197453"]
[WhiteElo "2277"]
[BlackElo "2039"]
[Result "0-1"]
[Round "08"]
[TimeControl "180+1"]
[Date "2022.12.07"]
[WhiteClock "0:01:40"]
[BlackClock "0:01:39"]

1. e4 c5 2. Nf3 Nc6 3. d4 cxd4 4. Nxd4 Nf6 5. Nc3 d6 6. Bg5 e6 7. Qd3 a6 8. O-O-O Bd7 9. f4 Be7 10. Qg3 Qa5 11. f5 Nxd4 12. Rxd4 Qe5 13. Qf2 Ng4 14. Qd2 Bxg5 15. Qxg5 Qxd4 16. Qxg4 exf5 17. Qf3 fxe4 18. Qf4 Qe5 19. Qe3 O-O 20. Bc4 Be6 21. Bxe6 Qxe6 22. Qxe4 Qxe4 23. Nxe4 d5 24. Nc3 d4 25. Ne2 Rad8 26. Kd2 Rfe8 27. Rf1 f6 28. Rf4 Re5 29. Nxd4 g5 30. Rg4 h5 0-1


[Site "https://www.chess.com"]

[Event "Titled Tuesday Blitz December 06 Early 2022"]
[White "Rustemov, Alexander"]
[Black "Atakhan, Abtin"]
[WhiteFideId "4119002"]
[BlackFideId "22502203"]
[WhiteElo "2802"]
[BlackElo "2189"]
[Result "1-0"]
[Round "08"]
[TimeControl "180+1"]
[Date "2022.12.06"]
[WhiteClock "0:00:14"]
[BlackClock "0:00:02"]

1. d4 c5 2. d5 e5 3. c4 d6 4. Nc3 Be7 5. Nf3 f5 6. e4 f4 7. g3 g5 8. gxf4 gxf4 9. Nxe5 dxe5 10. Qh5+ Kf8 11. Qxe5 Bf6 12. Qxf4 Nd7 13. Bd2 Ne7 14. O-O-O Ng6 15. Qe3 Bd4 16. Qg3 Qh4 17. f4 Nf6 18. e5 Ng4 19. Be1 Be3+ 20. Kc2 Bf5+ 21. Bd3 Qh5 22. Rf1 Nxh2 23. Rh1 Bxf4 24. Rxh2 Qxh2+ 25. Qxh2 Bxd3+ 26. Rxd3 Bxh2 27. e6 Kg7 28. Ne4 Be5 29. d6 Bd4 30. b4 b6 31. bxc5 bxc5 32. Bc3 Rhe8 33. e7 Bxc3 34. Kxc3 Ne5 35. Rd5 Nd7 36. Nxc5 Nxc5 37. Rxc5 Kf7 38. Re5 Kf6 39. Kd4 Rg8 40. c5 Rg4+ 41. Kd5 Rg1 42. Re6+ Kf7 43. Re2 Rd1+ 44. Kc6 Rc8+ 45. Kd7 Re8 46. Rf2+ Kg6 47. Kxe8 1-0


[Site "https://www.chess.com"]

[Event "Titled Tuesday Blitz December 06 Early 2022"]
[White "Sadilek, Peter"]
[Black "Tasev, Dejan"]
[WhiteFideId "1616439"]
[BlackFideId "936618"]
[WhiteElo "2227"]
[BlackElo "2253"]
[Result "1-0"]
[Round "08"]
[TimeControl "180+1"]
[Date "2022.12.07"]
[WhiteClock "0:01:14"]
[BlackClock "0:00:40"]

1. d4 Nf6 2. c4 g6 3. Nc3 Bg7 4. e4 d6 5. Be2 O-O 6. Nf3 e5 7. d5 a5 8. Bg5 h6 9. Be3 Ng4 10. Bd2 f5 11. h3 Nf6 12. exf5 gxf5 13. Qc1 Kh7 14. g4 fxg4 15. hxg4 Nxg4 16. Ng5+ Kg8 17. Ne6 Bxe6 18. dxe6 Nxf2 19. Rh2 Nc6 20. Bxh6 Qf6 21. Be3 Nd4 22. Bxf2 Qxe6 23. Qd2 c5 24. O-O-O e4 25. Nd5 a4 26. Bxd4 cxd4 27. Rg1 d3 28. Qg5 Rf7 29. Qh5 1-0


[Site "https://www.chess.com"]

[Event "Titled Tuesday Blitz December 06 Early 2022"]
[White "Sakun, Volodymyr"]
[Black "Fernandez Hernandez, Gerardo"]
[WhiteFideId "14114062"]
[BlackFideId "2207400"]
[WhiteElo "2319"]
[BlackElo "2187"]
[Result "1-0"]
[Round "08"]
[TimeControl "180+1"]
[Date "2022.12.07"]
[WhiteClock "0:01:20"]
[BlackClock "0:01:30"]

1. e4 e6 2. d4 d5 3. e5 c5 4. c3 Nc6 5. Nf3 Qb6 6. a3 f6 7. Bd3 fxe5 8. dxe5 c4 9. Bc2 g6 10. h4 Bg7 11. Qe2 Nh6 12. h5 Nf5 13. h6 Bf8 14. g4 Nxh6 15. Bxh6 Qxb2 16. Bxg6+ hxg6 17. Qxb2 Rxh6 18. Rxh6 Bxh6 19. Qc2 Kf7 1-0


[Site "https://www.chess.com"]

[Event "Titled Tuesday Blitz December 06 Early 2022"]
[White "Salem, A.R. Saleh"]
[Black "Tanenbaum, Zachary"]
[WhiteFideId "9301348"]
[BlackFideId "2060850"]
[WhiteElo "2633"]
[BlackElo "2175"]
[Result "1-0"]
[Round "08"]
[TimeControl "180+1"]
[Date "2022.12.06"]
[WhiteClock "0:02:37"]
[BlackClock "0:01:20"]

1. d4 d5 2. c4 dxc4 3. e4 b5 4. a4 c6 5. Nc3 a6 6. Nf3 Nf6 7. e5 Nd5 8. Be2 e6 9. O-O Bb7 10. Ne4 Be7 11. Bg5 h6 12. Nd6+ Kf8 13. Nxb7 Qc7 14. Bxe7+ Kxe7 15. Nd6 Nd7 16. Nd2 g5 17. N2e4 f5 18. Nc5 Nxc5 19. dxc5 Rhd8 20. Bf3 Nf4 21. g3 Nd3 22. Bg2 Nxc5 23. Qh5 Kd7 24. Qf7# 1-0


[Site "https://www.chess.com"]

[Event "Titled Tuesday Blitz December 06 Early 2022"]
[White "Salman, Pavel"]
[Black "Kravtsiv, Martyn"]
[WhiteFideId "24153753"]
[BlackFideId "14113147"]
[WhiteElo "2187"]
[BlackElo "2695"]
[Result "0-1"]
[Round "08"]
[TimeControl "180+1"]
[Date "2022.12.06"]
[WhiteClock "0:00:04"]
[BlackClock "0:00:14"]

1. Nf3 d5 2. g3 g6 3. Bg2 Bg7 4. O-O c5 5. d3 Nc6 6. e4 dxe4 7. dxe4 Qxd1 8. Rxd1 Bg4 9. c3 Ne5 10. Nbd2 Rd8 11. Rf1 Nd3 12. Nc4 Nf6 13. Nce5 Bxf3 14. Nxf3 Nxe4 15. Be3 Nxb2 16. Rab1 Bxc3 17. Rfc1 Nd3 18. Rc2 Nb4 19. Re2 Bf6 20. Bd2 Nxd2 21. Nxd2 b6 22. Ne4 O-O 23. Nxf6+ exf6 24. a3 Nd5 25. Bxd5 Rxd5 26. Re7 Ra8 27. Rc7 Rd3 28. a4 Ra3 29. Re1 Rxa4 30. Ree7 Rf8 31. Rc6 Ra2 32. Rxf6 c4 33. Rc6 b5 34. Rb7 a6 35. Kg2 Ra3 36. h4 h5 37. Rcc7 c3 38. Kf3 Re8 39. Kf4 Ra4+ 40. Kg5 Rc4 41. Rxf7 Re5+ 42. Kh6 c2 43. Rg7+ Kf8 44. Kh7 Re7 0-1


[Site "https://www.chess.com"]

[Event "Titled Tuesday Blitz December 06 Early 2022"]
[White "Sarana, Alexey"]
[Black "Gormally, Daniel W"]
[WhiteFideId "24133795"]
[BlackFideId "406465"]
[WhiteElo "2708"]
[BlackElo "2553"]
[Result "1-0"]
[Round "08"]
[TimeControl "180+1"]
[Date "2022.12.06"]
[WhiteClock "0:00:45"]
[BlackClock "0:00:11"]

1. d4 Nf6 2. c4 g6 3. Nc3 Bg7 4. e4 O-O 5. Be2 c5 6. d5 d6 7. Be3 e6 8. Nf3 exd5 9. cxd5 b5 10. e5 dxe5 11. Bxc5 e4 12. Nd4 Nxd5 13. Bxf8 Nxc3 14. bxc3 Qxf8 15. Nxb5 Nc6 16. O-O a6 17. Qd5 axb5 18. Qxc6 Be6 19. Bxb5 Rc8 20. Qxe4 Bxc3 21. Rac1 Qc5 22. Ba6 Rc6 23. Bb7 Rc7 24. a4 Qb6 25. Bd5 Bf5 26. Qe8+ Kg7 27. Rxc3 Rxc3 28. Qxf7+ Kh6 29. Qf8+ Kh5 30. h3 Qd4 31. Qd6 Rd3 32. Bf3+ Kg5 33. Qe7+ Kh6 34. a5 Rxf3 35. gxf3 Qa4 36. Re1 Qxa5 37. Qh4+ 1-0


[Site "https://www.chess.com"]

[Event "Titled Tuesday Blitz December 06 Early 2022"]
[White "Sargsyan, Anna M."]
[Black "Pakleza, Zbigniew"]
[WhiteFideId "13308130"]
[BlackFideId "1119290"]
[WhiteElo "2633"]
[BlackElo "2798"]
[Result "0-1"]
[Round "08"]
[TimeControl "180+1"]
[Date "2022.12.07"]
[WhiteClock "0:00:16"]
[BlackClock "0:01:17"]

1. e4 d6 2. d4 Nf6 3. Nc3 c6 4. f4 Qb6 5. h3 e5 6. dxe5 dxe5 7. Bd3 Bc5 8. Nf3 Nh5 9. Nxe5 Ng3 10. Rf1 Nxf1 11. Kxf1 Nd7 12. Nxd7 Bxd7 13. Na4 Qa5 14. c3 Be7 15. b4 Qc7 16. Be3 b6 17. Qf3 Rd8 18. Nb2 c5 19. b5 c4 20. Bxc4 Ba3 21. Qh5 O-O 0-1


[Site "https://www.chess.com"]

[Event "Titled Tuesday Blitz December 06 Early 2022"]
[White "Shapiro, Daniel"]
[Black "Clawitter, Craig"]
[WhiteFideId "2001780"]
[BlackFideId "2023105"]
[WhiteElo "2307"]
[BlackElo "2172"]
[Result "1/2-1/2"]
[Round "08"]
[TimeControl "180+1"]
[Date "2022.12.07"]
[WhiteClock "0:00:06"]
[BlackClock "0:00:18"]

1. d4 e6 2. c4 Nf6 3. g3 d5 4. Nf3 Be7 5. Bg2 O-O 6. O-O dxc4 7. Ne5 Nc6 8. Bxc6 bxc6 9. Nxc6 Qe8 10. Nxe7+ Qxe7 11. Qa4 e5 12. dxe5 Qxe5 13. Qxc4 Be6 14. Qd3 Bf5 15. Qe3 Rfe8 16. Qxe5 Rxe5 17. Nc3 Ne4 18. Bf4 Rc5 19. Nxe4 Bxe4 20. Rac1 Rxc1 21. Rxc1 c6 22. f3 Bd5 23. b3 f5 24. Rc5 a5 25. Kf2 a4 26. Ke3 axb3 27. axb3 Ra3 28. Kd4 Rxb3 29. e4 fxe4 30. fxe4 Rb4+ 31. Ke5 Rxe4+ 32. Kf5 Kf7 33. Ra5 Re7 34. Bd6 Rd7 35. Bc5 Be6+ 36. Kf4 Rd5 37. h4 h6 38. Bb6 g5+ 39. hxg5 hxg5+ 40. Ke4 Rxa5 41. Bxa5 Kg6 42. Ke5 Bd5 43. Bb6 Kh5 44. Kf5 Bf3 45. Bd8 Bg4+ 46. Ke4 Bd7 47. Be7 Kg4 48. Kd4 Be6 49. Kc5 Bd5 50. Kd4 Kf5 51. Kc5 g4 52. Bd6 Ke4 53. Bf4 Kf3 54. Bd6 Ke2 55. Bf4 Kd3 56. Bd6 Ke4 57. Bf4 Kf3 58. Bd6 Ke4 1/2-1/2


[Site "https://www.chess.com"]

[Event "Titled Tuesday Blitz December 06 Early 2022"]
[White "Shubenkova, Veronika"]
[Black "Rosenberg, Evan S"]
[WhiteFideId "44124040"]
[BlackFideId "2019299"]
[WhiteElo "2027"]
[BlackElo "2358"]
[Result "0-1"]
[Round "08"]
[TimeControl "180+1"]
[Date "2022.12.07"]
[WhiteClock "0:01:05"]
[BlackClock "0:00:12"]

1. e4 e5 2. Nf3 Nc6 3. Bb5 Nf6 4. Bxc6 dxc6 5. O-O Nxe4 6. Re1 Nf6 7. Nxe5 Be7 8. d4 O-O 9. c3 Re8 10. Bg5 h6 11. Bh4 Be6 12. Nd2 c5 13. Ndf3 cxd4 14. Nxd4 Bd5 15. c4 Be4 16. Bxf6 Bxf6 17. Rxe4 Bxe5 18. Nf3 Bxb2 19. Rxe8+ Qxe8 20. Rb1 Rd8 21. Qc2 Ba3 22. Qb3 Bc5 23. Rb2 b6 24. g3 Qe4 25. Kg2 Rd3 26. Qa4 Qxf3+ 27. Kh3 a5 28. Qe8+ Kh7 29. Re2 Rd6 30. Re5 Qxf2 31. Qc8 Qf1+ 32. Kh4 Qf6+ 33. Kh3 Qxe5 34. Qg4 Qe6 0-1


[Site "https://www.chess.com"]